 Dungeon Crawl Stone Soup version 0.30-a0-989-g0d87f670db (webtiles) character file.

Game seed: 16775715988410515169

187024 holysushi the Spry (level 18, -4/146 HPs)
             Began as a Hill Orc Monk on Apr 2, 2023.
             Was a High Priest of Beogh.
             Collided with a rock wall (13 damage)
             ... caused by a wretched star
             ... on level 2 of the Abyss on Apr 3, 2023.
             The game lasted 01:31:07 (31631 turns).

holysushi the Spry (Hill Orc Monk)                 Turns: 31631, Time: 01:31:08

Health: -4/146     AC: 25    Str: 13 (17) XL:     18   Next: 49%
Magic:  6/23       EV: 12    Int:  9 (10) God:    Beogh [*****.]
Gold:   1957       SH: 24    Dex: 17 (19) Spells: 17/17 levels left

rFire   + . .      SeeInvis +    a - +6 broad axe
rCold   x . .      Faith    .    r - +1 tower shield
rNeg    . . .      Spirit   .    T - +3 plate armour {rF+}
rPois   +          Reflect  +    z - +2 helmet
rElec   .          Rampage  +    q - +2 cloak {rCorr}
rCorr   +          Rage     3%   d - +1 pair of gloves
Will    +....                    h - +2 pair of boots Stlth
                                 A - amulet of Yniuleih {Reflect Rampage rPois Str+2 Dex+5 SH+5}
HPRegen 0.00/turn                Z - ring of see invisible
MPRegen 0.18/turn                G - +5 ring of evasion

@: mighty, on berserk cooldown, inhibited regen, slowed, unable to drink, very
slow
A: walk on water, clever 1, [berserk 1], [deformed body], [deterioration 2],
[dopey 2], [frail 1], [low MP 2], [inhibited regeneration], ([teleportitis 1]),
[weak 2], [no potion heal 2], [cold vulnerability 1], [subdued magic 3],
[inability to drink after injury 2]
a: Renounce Religion, Smiting, Recall Orcish Followers, Give Item to Named
Follower


You were on level 2 of the Abyss.
You worshipped Beogh.
Beogh was extremely pleased with you.
You visited 4 branches of the dungeon, and saw 25 of its levels.
You visited the Abyss 3 times.
You also visited: Sewer.

You collected 3135 gold pieces.
You spent 1178 gold pieces at shops.

Inventory:

Hand Weapons
 a - a +6 broad axe (weapon)
 b - a +1 hand axe of electrocution
 e - a +1 hand axe of flaming
 g - a +0 halberd of protection
 t - a +7 demon trident of flaming
 u - a +1 broad axe of flaming
 w - a +0 glaive
 Q - a +0 hand crossbow
 V - a +0 glaive
Armour
 d - a +1 pair of gloves (worn)
 h - a +2 pair of boots (worn)
 n - a +0 kite shield
 p - a +0 kite shield of poison resistance
 q - a +2 cloak of preservation (worn)
 r - a +1 tower shield (worn)
 z - a +2 helmet (worn)
 E - a +0 troll leather armour
 M - a +1 buckler
 T - a +3 plate armour of fire resistance (worn)
Jewellery
 s - a ring of protection from fire
 A - the amulet of Yniuleih (around neck) {Reflect Rampage rPois Str+2 Dex+5 SH+5}
   (You acquired it on level 14 of the Dungeon)

   [amulet of reflection]

   It reflects blocked missile attacks.
   Str:       It affects your strength (+2).
   Dex:       It affects your dexterity (+5).
   rPois:     It protects you from poison.
   SH:        It affects your SH (+5).
   Rampage:   It bestows one free step when moving towards enemies.
 F - an amulet of regeneration
 G - a +5 ring of evasion (right hand)
 X - a ring of ice
 Z - a ring of see invisible (left hand)
Wands
 k - a wand of mindburst (13)
 y - a wand of roots (11)
 L - a wand of paralysis (20)
Scrolls
 D - 4 scrolls of vulnerability
 H - 5 scrolls of magic mapping
 K - 2 scrolls of immolation
 N - a scroll of silence
 O - 2 scrolls of fear
 R - 9 scrolls of identify
 W - 3 scrolls of amnesia
Potions
 c - 5 potions of attraction
 f - 6 potions of brilliance
 i - 4 potions of magic
 l - a potion of cancellation
 m - a potion of curing
 o - 5 potions of mutation
 v - 4 potions of lignification
 x - a potion of flight
 C - a potion of might
Miscellaneous
 S - a phial of floods (inert)


   Skills:
 - Level 15.0 Fighting
 + Level 14.5 Axes
 + Level 10.2 Armour
 - Level 16.0 Dodging
 - Level 1.5 Stealth
 + Level 11.5 Shields
 + Level 15.3 Invocations
 - Level 5.0 Evocations


You had 17 spell levels left.
You didn't know any spells.
Your spell library contained the following spells:

 Spells                   Type           Power      Damage    Failure   Level
 Kiss of Death            Conj/Necr      0%         2d5       100%        1
 Slow                     Hex            0%         N/A       100%        1
 Sting                    Tmut/Pois      0%         1d3       100%        1
 Summon Small Mammal      Summ           0%         N/A       100%        1
 Blink                    Tloc           0%         N/A       100%        2
 Lesser Beckoning         Tloc           0%         N/A       100%        2
 Momentum Strike          Conj/Tloc      0%         3d8       100%        2
 Poisonous Vapours        Pois/Air       0%         N/A       100%        2
 Static Discharge         Conj/Air       0%         2-2/arc   100%        2
 Call Canine Familiar     Summ           0%         N/A       100%        3
 Confusing Touch          Hex            0%         N/A       100%        3
 Dazzling Flash           Conj/Hex       0%         N/A       100%        3
 Ignite Poison            Fire/Tmut/Pois 0%         N/A       100%        3
 Kindle Blastsparks       Fire/Tloc/Air  0%         2d10      100%        3
 Summon Guardian Golem    Hex/Summ       0%         N/A       100%        3
 Vhi's Electric Charge    Tloc/Air       0%         N/A       100%        3
 Airstrike                Air            0%         2d(0-16)  100%        4
 Dispel Undead            Necr           0%         3d6       100%        4
 Fulminant Prism          Conj/Hex       0%         3d5       100%        4
 Iskenderun's Mystic Bla  Conj/Tloc      0%         2d3       100%        4
 Manifold Assault         Tloc           0%         N/A       100%        4
 Olgreb's Toxic Radiance  Pois           0%         N/A       100%        4
 Sticky Flame             Conj/Fire      0%         2d3       100%        4
 Summon Lightning Spire   Summ/Air       0%         N/A       100%        4
 Arcjolt                  Conj/Air       0%         1d10      100%        5
 Lee's Rapid Deconstruct  Erth           0%         3d4*      100%        5
 Plasma Beam              Fire/Air       0%         2x1d7     100%        5
 Dispersal                Tloc           0%         N/A       100%        6
 Starburst                Conj/Fire      0%         6d3       100%        6
 Malign Gateway           Summ/Tloc      0%         N/A       100%        7
 Discord                  Hex            0%         N/A       100%        8
 Disjunction              Tloc           0%         N/A       100%        8
 Ignition                 Fire           0%         3d3       100%        8


Dungeon Overview and Level Annotations

Branches:
Dungeon (15/15) Zot: 25837  Temple (0/1) D:7            Lair (5/5) D:10 Zot: 22261
  Swamp (0/4) Lair:3        Snake (3/4) Lair:2 Zot: 13113   Slime (0/5) Lair:4
    Orc (2/2) D:12 Zot: 10561     Elf (0/3) Orc:2        Vaults (0/5) D:14
  Sewer (visited)
 Depths: D:15

Altars:
Kikubaaqudgha
Okawaru
Trog
Vehumet
Yredelemnul
Beogh
Jiyva

Shops:
D:1 =   D:2 [   D:4 :   D:12 (   D:14 =   Orc:2 ((!=?   Snake:2 [

Annotations:
Lair:4 Rupert
Snake:2 2 runed translucent doors, Zuatad's ghost, adept GrEE
Snake:3 Louise
Orc:2 exclusion: oklob plant


Innate Abilities, Weirdness & Mutations

You can walk on water.
Your mind is acute. (Int +4, Str/Dex -1)
[You sometimes lose your temper in combat.]
[Armour fits poorly on your strangely shaped body.]
[Your body often deteriorates upon taking damage.]
[You are very dopey. (Int -4)]
[You are frail. (-10% HP)]
[Your magical capacity is very low. (-20% MP)]
[You do not regenerate when monsters are visible.]
[((You are occasionally teleported next to monsters.))]
[You are very weak. (Str -4)]
[Potions cannot restore your health.]
[You are vulnerable to cold. (rC-)]
[Your spells are much easier to cast, but much less powerful.]
[You sometimes lose the ability to drink potions when taking damage.]


Message History

Your regeneration stops near monsters.
The ufetubus shouts!
You feel the corruption within you wane somewhat.
You feel stronger.
You feel more energetic.
You feel stable.
You feel a little less angry.
You feel robust.
You feel less vulnerable to cold.
You feel robust.
Your urge to scream lessens.
You feel stronger.
Your urge to shout disappears.
Press: ? - help, v - describe, . - travel
Here: a bone dragon (summoned)
The floor.
Aiming: Smiting
Press: ? - help, Dir - move target, f - glowing orange brain Smite: a glowing orange brain You smite the glowing orange brain!!
The glowing orange brain is moderately wounded.
You hear a bark! x3
The wretched star pulses with an eldritch light!
You feel weaker. x2
You block the revenant's attack.
The wretched star glows turbulently.
The lance of force hits you but does no damage.
The revenant hits you!
* * * LOW HITPOINT WARNING * * *
You block the bone dragon's attack. x2
The bone dragon tramples you but does no damage.
Aiming: Smiting
Press: ? - help, Dir - move target, f/p - glowing orange brain Smite: a glowing orange brain (moderately wounded)
You smite the glowing orange brain!!!
You kill the glowing orange brain!
Beogh accepts your kill.
The bone dragon dissolves into shadows!
The revenant dissolves into shadows!
You feel your strength returning.
The wretched star glows turbulently.
The lance of force hits you!
* * * LOW HITPOINT WARNING * * *
Your body deteriorates!
You feel clumsy.
You are knocked back by the lance of force.
You slam into the rock wall!
You die...

.#. #. #
#. # # .#
.##.#..h #
# ... ##.#
.##.# . ##
5#h
##\.#.. #
# #x* ..
#X ...#
###e# .
##D# #
#.*##..
###..#..#.
#.@.#.#.
###h #.
###### .
##.# .# ..
. #. ## .
. # .#w .
# # ## ..
# ## #


You could see a wretched star, a deep elf sorcerer (fast), a worldbinder and an
ufetubus.

Vanquished Creatures
  A bone dragon (Abyss:2)
  Gastronok (Lair:1)
  2 tentacled starspawn (Abyss:2)
  A cacodemon (Abyss:2)
  An ettin (Orc:1)
  A blizzard demon (Abyss:2)
  Josephine (D:12)
  Erolcha (D:13)
  6 hydras
  An ogre mage (Orc:2)
  4 anacondas
  7 centaur warriors
  A catoblepas (D:12)
  7 naga warriors
  2 two-headed ogres
  3 boulder beetles
  A death knight (Abyss:2)
  A thrashing horror (Abyss:2)
  17 naga sharpshooters
  A shock serpent (Snake:1)
  2 wretched stars (Abyss:2)
  3 salamander mystics (Snake:2)
  A skyshark (Lair:5)
  A skeletal warrior (D:12)
  2 sea snakes (Snake:1)
  A glowing orange brain (Abyss:2)
  A phantasmal warrior (Snake:2)
  A wizard (D:12)
  A necromancer (D:15)
  4 deep elf pyromancers
  2 manticores
  12 ugly things
  4 salamanders (Snake:2)
  4 cyclopes
  An orc sorcerer (D:15)
  6 elephants
  A moth of wrath (shapeshifter) (Lair:5)
  A black mamba (shapeshifter) (D:14)
  A guardian serpent (Snake:1)
  An eye of devastation (shapeshifter) (D:14)
  5 gargoyles
  8 naga magi
  10 black mambas
  An unseen horror (D:12)
  8 cane toads
  A rime drake (Lair:3)
  6 komodo dragons
  3 ancient zymes
  4 trolls
  2 polar bears (Lair:5)
  Grinder (D:4)
  21 blink frogs
  2 dream sheep (Lair:3)
  3 shadows
  2 spriggans (shapeshifter)
  3 slime creatures (D:12)
  11 small abominations
  2 vampires (D:12)
  6 wyverns
  7 wraiths
  25 yaks
  3 basilisks
  3 chaos spawn (Lair:5)
  A steam dragon (D:7)
  7 vampire mosquitoes
  11 nagas
  2 acid dragons (D:12)
  13 water moccasins
  2 sky beasts
  Duvessa (D:7)
  A large abomination (Abyss:2)
  A meliai simulacrum (D:14)
  An ice beast (D:8)
  An orc warrior (Orc:2)
  A black bear (D:4)
  10 wolves
  2 ogres
  4 centaurs
  4 kobold brigands
  2 phantoms
  7 bullfrogs
  Blork the orc (D:4)
  6 scorpions
  7 wights
  Dowan (D:7)
  18 killer bees
  2 howler monkeys
  5 hounds
  A jelly (D:5)
  A sleepcap (D:6)
  A gnoll bouda (D:7)
  An orc priest (Orc:2)
  3 iguanas
  11 orc wizards
  Robin (D:3)
  7 gnolls
  2 river rats (D:4)
  8 adders
  3 white imps
  An ufetubus (D:4)
  2 dart slugs
  28 orcs
  9 endoplasms
  4 giant cockroaches
  21 goblins
  8 hobgoblins
  12 jackals
  9 kobolds
  6 quokkas
  6 ball pythons
  3 bats
  4 frilled lizards
  11 rats
  A bush (Lair:5)
  A starspawn tentacle (Abyss:2)
523 creatures vanquished.

Vanquished Creatures (collateral kills)
  Mara (Snake:3)
  Vashnia (Snake:3)
  Frances (D:13)
  A nagaraja (Snake:2)
  A fire dragon (shapeshifter) (D:14)
  A rakshasa (D:14)
  2 hydras (D:15)
  A salamander tyrant (Snake:2)
  An ogre mage (Orc:2)
  An anaconda (Snake:3)
  A centaur warrior (D:13)
  2 boulder beetles (D:12)
  A death knight (D:15)
  A two-headed ogre (D:10)
  6 naga warriors
  3 shock serpents
  2 salamander mystics (Snake:2)
  A wizard (D:15)
  3 naga ritualists
  A phantasmal warrior (Snake:2)
  3 mana vipers
  5 ugly things (D:15)
  5 salamanders (Snake:2)
  5 orc sorcerers (Orc:2)
  A centaur zombie (D:15)
  A guardian serpent (shapeshifter) (D:13)
  9 black mambas
  3 gargoyles
  2 cane toads (Lair:1)
  A centaur skeleton (D:15)
  A torpor snail (Lair:1)
  6 naga magi
  A rime drake (Lair:3)
  An unseen horror (D:12)
  6 komodo dragons
  2 spectral nagas (Snake:2)
  A tyrant leech (Lair:3)
  9 blink frogs (Lair:1)
  A culicivora (shapeshifter) (D:14)
  6 dream sheep
  2 centaur simulacra (D:15)
  5 yaks
  A wraith (D:13)
  2 wyverns
  2 vampires (D:12)
  2 basilisks
  A steam dragon (Lair:1)
  3 vampire mosquitoes
  14 nagas
  A warg (Orc:2)
  4 water moccasins
  3 orc warriors
  3 ogres (Orc:2)
  4 wolves (D:10)
  4 centaurs
  3 bullfrogs (Lair:2)
  8 killer bees (D:9)
  2 electric eels
  2 orc priests
  6 orc wizards (Orc:2)
  6 orcs
  A butterfly (Lair:3)
180 creatures vanquished.

Vanquished Creatures (others)
  5 orc sorcerers
  2 orc knights
  A vampire mosquito (D:14)
  6 orc warriors
  An orc priest (Orc:1)
  18 orc wizards
  An ufetubus (Abyss:2)
  20 orcs
  25 fungi
  34 plants
  13 starspawn tentacles (Abyss:2)
126 creatures vanquished.

Grand Total: 829 creatures vanquished

Notes
Turn   | Place    | Note
-------+----------+-------------------------------------------
     0 | D:1      | holysushi the Hill Orc Monk began the quest for the Orb.
     0 | D:1      | Reached XP level 1. HP: 19/19 MP: 1/1
    77 | D:1      | Reached XP level 2. HP: 16/26 MP: 2/2
   184 | D:1      | Reached skill level 5 in Axes
   486 | D:1      | Reached XP level 3. HP: 31/31 MP: 3/3
   683 | D:1      | Found Unehin's Jewellery Shop.
  1232 | D:2      | Reached XP level 4. HP: 39/39 MP: 4/4
  1275 | D:2      | Found a faded altar of an unknown god.
  1379 | D:2      | Found Niughuw's Armour Shop.
  1577 | D:3      | Noticed Robin
  1611 | D:3      | Killed Robin
  1713 | D:3      | Found a bloodstained altar of Trog.
  1713 | D:3      | Found a basalt altar of Yredelemnul.
  1722 | D:3      | Found an iron altar of Okawaru.
  2158 | D:3      | Reached XP level 5. HP: 27/45 MP: 5/5
  2598 | D:4      | Reached XP level 6. HP: 42/51 MP: 6/6
  2690 | D:4      | Found Ubbi Ced's Book Shoppe.
  2741 | D:4      | Noticed Grinder
  2747 | D:4      | Killed Grinder
  2748 | D:4      | Reached skill level 10 in Axes
  2748 | D:4      | Reached XP level 7. HP: 57/57 MP: 7/7
  2809 | D:4      | Found a glowing drain.
  2815 | Sewer    | Entered a sewer
  3392 | D:4      | Reached XP level 8. HP: 61/64 MP: 8/8
  3627 | D:4      | Noticed Blork the orc
  3638 | D:4      | Killed Blork the orc
  3801 | D:5      | Entered Level 5 of the Dungeon
  3851 | D:5      | Became a worshipper of Beogh the Brigand
  3851 | D:5      | Reached * piety under Beogh
  3851 | D:5      | Reached ** piety under Beogh
  4092 | D:5      | Identified the +1 robe of the Robin {rN+}
  4861 | D:6      | Reached skill level 1 in Armour
  4977 | D:6      | Reached skill level 3 in Dodging
  4977 | D:6      | Reached XP level 9. HP: 49/72 MP: 9/9
  5139 | D:6      | Reached skill level 5 in Fighting
  5689 | D:2      | Bought a +2 cloak of preservation for 215 gold pieces
  5828 | D:7      | Noticed a two-headed ogre
  5829 | D:7      | Noticed Duvessa
  5830 | D:7      | Noticed Dowan
  5844 | D:7      | HP: 2/74 [Duvessa/+0 short sword (8)]
  5845 | D:7      | Killed a two-headed ogre
  5846 | D:7      | Reached skill level 4 in Dodging
  5859 | D:7      | Killed Duvessa
  5860 | D:7      | Reached skill level 5 in Dodging
  5860 | D:7      | Reached skill level 1 in Invocations
  5867 | D:7      | Killed Dowan
  6082 | D:7      | Found a staircase to the Ecumenical Temple.
  6278 | D:7      | Reached *** piety under Beogh
  6507 | D:7      | Reached XP level 10. HP: 83/83 MP: 13/13
  6522 | D:7      | Reached skill level 6 in Dodging
  7360 | D:9      | Reached skill level 7 in Dodging
  7879 | D:9      | Reached **** piety under Beogh
  8047 | D:9      | Reached skill level 8 in Dodging
  8049 | D:9      | Gained Arbeogh as an ally
  8432 | D:10     | Entered Level 10 of the Dungeon
  8448 | D:10     | Noticed a two-headed ogre
  8459 | D:10     | Killed a two-headed ogre
  8468 | D:10     | Found a staircase to the Lair.
  8470 | D:10     | Reached XP level 11. HP: 67/94 MP: 14/14
  8480 | D:10     | Reached skill level 9 in Dodging
  9331 | Lair:1   | Entered Level 1 of the Lair of Beasts
  9345 | Lair:1   | Reached skill level 10 in Fighting
  9511 | Lair:1   | Noticed Gastronok
  9531 | Lair:1   | Killed Gastronok
  9532 | Lair:1   | Reached skill level 5 in Invocations
  9538 | Lair:1   | Reached skill level 10 in Dodging
  9896 | Lair:1   | Reached ***** piety under Beogh
  9903 | Lair:1   | Reached XP level 12. HP: 96/106 MP: 18/18
  9916 | Lair:1   | Reached skill level 10 in Invocations
 10896 | Lair:2   | Reached skill level 1 in Shields
 11505 | Lair:2   | Found a staircase to the Snake Pit.
 12524 | Lair:3   | Noticed a four-headed hydra
 12537 | Lair:3   | Killed a one-headed hydra
 13259 | Lair:3   | Noticed a six-headed hydra
 13274 | Lair:3   | Killed a two-headed hydra
 13274 | Lair:3   | Noticed a four-headed hydra
 13275 | Lair:3   | Reached skill level 11 in Dodging
 13290 | Lair:3   | Killed a one-headed hydra
 13562 | Lair:3   | Found a staircase to the Swamp.
 13676 | Lair:4   | Noticed Rupert
 14048 | Lair:4   | Your ally Arbeogh died
 14155 | Lair:4   | Reached XP level 13. HP: 108/113 MP: 22/22
 14226 | Lair:4   | Found a viscous altar of Jiyva.
 14231 | Lair:4   | Found a staircase to the Slime Pits.
 15099 | Lair:4   | Paralysed by Rupert for 2 turns
 15180 | Lair:5   | Entered Level 5 of the Lair of Beasts
 15527 | Lair:5   | Got the Quarto of Moving Malisons
 15645 | Lair:5   | Reached skill level 12 in Dodging
 15932 | Lair:5   | Reached skill level 5 in Shields
 16891 | Lair:5   | Reached skill level 15 in Invocations
 17126 | Lair:5   | Reached ****** piety under Beogh
 17484 | D:11     | Reached XP level 14. HP: 121/121 MP: 25/25
 17626 | D:11     | You fall into a shaft and drop 1 floor!
 17633 | D:12     | Found Neecekh's Antique Weapon Boutique.
 17637 | D:12     | Found a staircase to the Orcish Mines.
 18522 | D:12     | Noticed Josephine
 18568 | D:12     | Reached skill level 13 in Dodging
 19882 | D:12     | Gained Worak as an ally
 19883 | D:12     | Reached skill level 1 in Evocations
 19998 | Abyss:2  | Found a corrupted altar of Lugonu.
 19998 | Abyss:2  | Cast into level 2 of the Abyss (a wizard)
 20004 | Abyss:2  | Found a corrupted altar of Lugonu.
 20012 | D:12     | Escaped the Abyss
 20046 | D:12     | Your ally Worak died
 20319 | D:1      | Bought an amulet of regeneration for 360 gold pieces
 20578 | D:12     | Killed Josephine
 20592 | Orc:1    | Entered Level 1 of the Orcish Mines
 21049 | Orc:2    | Entered Level 2 of the Orcish Mines
 21049 | Orc:2    | Found a staircase to the Elven Halls.
 21337 | Orc:2    | Found Ytoqitwo's Weapon Shoppe.
 21427 | Orc:2    | Found Qura's Magic Scroll Emporium.
 21442 | Orc:2    | Found a radiant altar of Vehumet.
 21450 | Orc:2    | Found Nilie's Distillery.
 21474 | Orc:2    | Paralysed by an orc sorcerer for 3 turns
 21475 | Orc:2    | Gained Gorbash as an ally
 21479 | Orc:2    | Found an ancient bone altar of Kikubaaqudgha.
 21504 | Orc:2    | Reached skill level 10 in Shields
 21534 | Orc:2    | Found Kasozap's Antique Weapon Emporium.
 21534 | Orc:2    | Found a roughly hewn altar of Beogh.
 21556 | Orc:2    | Found Dithrofap's Jewellery Shoppe.
 21627 | Orc:2    | Bought a scroll of teleportation for 39 gold pieces
 21627 | Orc:2    | Bought a scroll of blinking for 97 gold pieces
 21627 | Orc:2    | Bought a scroll of enchant weapon for 97 gold pieces
 22866 | D:13     | Noticed Frances
 22880 | D:13     | Killed Frances
 22880 | D:13     | Gained Geork as an ally
 23049 | D:13     | Noticed Erolcha
 23075 | D:14     | Identified 2 scrolls of acquirement
 23076 | D:14     | Acquired 492 gold pieces
 23078 | D:14     | Acquired the amulet of Yniuleih {Reflect Rampage rPois
                  | Str+2 Dex+5 SH+5}
 23170 | D:14     | Found a gate to the Vaults.
 23237 | D:14     | Reached skill level 5 in Evocations
 23323 | D:14     | Reached skill level 14 in Dodging
 23323 | D:14     | Reached XP level 15. HP: 95/126 MP: 26/26
 23389 | Abyss:2  | Cast into level 2 of the Abyss (Erolcha)
 23403 | Abyss:2  | Noticed a purple draconian shifter
 23470 | Abyss:2  | Noticed a lich
 23496 | Abyss:2  | Noticed a lich
 23512 | Abyss:2  | Found a corrupted altar of Lugonu.
 23520 | D:13     | Escaped the Abyss
 23521 | D:13     | Killed Erolcha
 24657 | D:14     | Found Cegeloaduch's Jewellery Boutique.
 24775 | D:15     | Entered Level 15 of the Dungeon
 24952 | D:15     | Reached skill level 15 in Dodging
 24965 | D:15     | Reached XP level 16. HP: 42/134 MP: 24/27
 24966 | D:15     | Reached XP level 17. HP: 45/140 MP: 24/28
 24969 | D:15     | Your ally Geork died
 25098 | D:15     | Reached skill level 16 in Dodging
 25381 | Snake:1  | Entered Level 1 of the Snake Pit
 27776 | Snake:2  | Your ally Gorbash died
 27811 | Snake:2  | Gained Morguth as an ally
 27852 | Snake:2  | Gained Boruk as an ally
 28135 | Snake:2  | Your ally Morguth died
 28669 | Snake:2  | Reached XP level 18. HP: 141/161 MP: 29/29
 28902 | Snake:2  | Found Felomm's Antique Armour Shop.
 28910 | Snake:2  | Bought a slimy scale mail for 180 gold pieces
 28910 | Snake:2  | Identified the +6 scale mail "Melerch" {rF+} (You bought it
                  | in a shop on level 2 of the Snake Pit)
 28910 | Snake:2  | Bought a brightly glowing kite shield for 190 gold pieces
 28910 | Snake:2  | Identified the +1 kite shield of Uttotz {Slay+2} (You
                  | bought it in a shop on level 2 of the Snake Pit)
 29554 | Snake:2  | Found a large runed translucent door.
 29555 | Snake:2  | Found a large runed translucent door.
 29559 | Snake:2  | Noticed Zuatad's ghost (adept GrEE)
 29845 | Snake:3  | Reached skill level 15 in Fighting
 30542 | Snake:3  | Gained Olfik as an ally
 30587 | Snake:3  | Noticed Vashnia
 30623 | Snake:3  | Killed Vashnia
 30823 | Snake:3  | Identified the +5 flail "Kackotiz" {holy, Stlth+}
 31012 | Snake:3  | Noticed Mara
 31019 | Snake:3  | Noticed holysushi's illusion
 31023 | Snake:3  | Killed Mara
 31099 | Snake:3  | Noticed Louise
 31103 | Abyss:2  | Cast into level 2 of the Abyss (Louise)
 31164 | Abyss:2  | Gained mutation: Your mind is acute. (Int +4, Str/Dex -1)
                  | [a cacodemon]
 31267 | Abyss:2  | Noticed a bone dragon
 31301 | Abyss:2  | Found a corrupted altar of Lugonu.
 31325 | Abyss:2  | Reached skill level 10 in Armour
 31542 | Abyss:2  | Found a corrupted altar of Lugonu.
 31564 | Abyss:2  | Noticed a bone dragon
 31565 | Abyss:2  | Found a corrupted altar of Lugonu.
 31628 | Abyss:2  | Noticed a bone dragon
 31628 | Abyss:2  | Killed a bone dragon
 31631 | Abyss:2  | Collided with a rock wall

Illustrated notes

Levels and vault maps discovered:
D:1:      lemuel_arrival_hallway, layout_loops_cross, serial_shops, shop,
          nicolae_figureground_sparkle
D:2:      layout_rooms, serial_shops, shop, ebering_ecumenical_altar_box,
          minmay_between
D:3:      layout_loops_cross, grunt_temple_overflow_open, uniq_robin
D:4:      layout_loops_corners, portal_sewer_entry_e, serial_shops,
          nicolae_lakefront_shop, dk_noncrumbling_3, kennysheep_small_circle,
          uniq_grinder, uniq_blork_the_orc
D:5:      layout_basic, chequers_serial_rivers_micro_c
D:6:      layout_loops_cross
D:7:      layout_loops_ring, minmay_temple_entry_poolview, uniq_duvessa
D:8:      layout_gridville
D:9:      layout_long_grid
D:10:     layout_loops_cross, minmay_lair_entry_grove
D:11:     layout_long_grid
D:12:     minmay_quarter_circles, layout_basic, orc_0_dummy, serial_shops,
          nicolae_shop_hallway_stairs, uniq_josephine
D:13:     layout_long_grid, uniq_frances, uniq_erolcha
D:14:     layout_basic, david_vaults_2, serial_shops, nicolae_shop_crystal
D:15:     grunt_enter_depths_magical_seal, layout_rooms, elyvilon_altar_1
Lair:1:   layout_hall_layers, chequers_serial_rivers_large_b,
          grunt_megastairs_2, serial_bayou_shore_a, lemuel_fruit_tree,
          uniq_gastronok
Lair:2:   layout_layer_cave, minmay_snake_entry_guardpost_large,
          chequers_serial_rivers_micro_e, infiniplex_staircase_pool,
          serial_bayou_shore_b, serial_bayou_shore_b, serial_bayou_shore_b
Lair:3:   layout_cave_shapes, palyth_hydra_swamp_entry, lemuel_fruit_fields
Lair:4:   layout_gridlike, dpeg_slime_entry_corner, grunt_megastairs_1,
          uniq_rupert
Lair:5:   hellmonk_lair_end_abyssal_woods, layout_regular_city
Snake:1:  nicolae_snake_shooting_gallery, layout_layer_cave
Snake:2:  layout_cave_town, serial_shops, nicolae_square_shop,
          ebering_ghost_disaster_area, nicolae_snake_ghostly_warrior_ritual,
          grunt_megastairs_3
Snake:3:  layout_basic, uniq_mara, uniq_louise, uniq_vashnia
Orc:1:    layout_diamond_mine
Orc:2:    kennysheep_orc_mage_school, layout_diamond_mine, serial_shops,
          nicolae_shop_bloodbath_and_beyond, mines3_lemuel
Abyss:2:  base: D:15, base: Lair:2, hangedman_stitches_earthworm, base: Orc:1,
          spicy_abyss_rude_harpoons, evilmike_abyss_exit_plants,
          hangedman_decor_peaks_small, minivault_11

Skill      XL: |  1  2  3  4  5  6  7  8  9 10 11 12 13 14 15 16 17 18 |
---------------+-------------------------------------------------------+-----
Axes           | 5 6 7 8 10 12 14 | 14.5
Fighting       | 4 6 8 10 14 15 | 15.0
Armour         | 2 4 7 8 10 | 10.2
Dodging        | 3 5 8 10 11 12 14 15 16 | 16.0
Invocations    | 4 9 12 15 | 15.3
Shields        | 4 7 10 11 | 11.5
Evocations     | 5 |  5.0
Stealth        | |  1.5

Action                     |  1- 3 |  4- 6 |  7- 9 | 10-12 | 13-15 | 16-18 || total
---------------------------+-------+-------+-------+-------+-------+-------++-------
  Melee: Hand axe          |   148 |   183 |   373 |   534 |  1453 |   562 ||  3253
         Punch             |     2 |     1 |     3 |     8 |       |       ||    14
         Broad axe         |       |       |       |       |       |   108 ||   108
 Invoke: Convert to Beogh  |       |       |     1 |       |       |       ||     1
         Recall Orcish Fol |       |       |       |     3 |    10 |    11 ||    24
         Give Item to Name |       |       |       |     1 |     2 |     3 ||     6
         Smiting           |       |       |       |       |     4 |    10 ||    14
         Resurrection      |       |       |       |       |       |     1 ||     1
         Stop Recall       |       |       |       |       |       |     1 ||     1
  Evoke: Phial of floods   |       |       |       |     1 |     1 |     1 ||     3
         Wand              |       |       |       |       |     4 |       ||     4
    Use: Potion            |     1 |       |     4 |     1 |     8 |    14 ||    28
         Scroll            |     1 |     8 |    14 |     6 |    17 |    10 ||    56
   Stab: Sleeping          |     2 |     1 |     3 |     1 |     3 |     1 ||    11
         Invisible         |       |       |     4 |       |       |       ||     4
         Distracted        |       |       |       |     4 |     5 |     7 ||    16
         Confused          |       |       |       |     1 |     1 |     1 ||     3
         Paralysed         |       |       |       |     9 |     4 |       ||    13
 Armour: Robe              |    31 |       |       |       |       |       ||    31
         Leather armour    |     1 |    65 |   125 |   105 |   173 |       ||   469
         Troll leather arm |       |       |       |       |    76 |    23 ||    99
         Plate armour      |       |       |       |       |       |   121 ||   121
  Dodge: Dodged            |    95 |    91 |   159 |   363 |   897 |   334 ||  1939
  Block: Buckler           |       |       |       |    28 |   289 |       ||   317
         Kite shield       |       |       |       |       |   110 |   350 ||   460
         Reflection        |       |       |       |       |    17 |   149 ||   166
         Tower shield      |       |       |       |       |       |   443 ||   443

Table legend: (Time is in decaauts)
 A = Elapsed time spent in this place.
 B = Non-inter-level travel time spent in this place.
 C = Inter-level travel time spent in this place.
 D = Time resting spent in this place.
 E = Time spent auto-exploring this place.
 F = Levels seen in this place.
 G = Mean time per level.
                   A        B        C        D        E       F      G
               +--------+--------+--------+--------+--------+-----+--------+
         Total |  30688 |  28258 |   2430 |   6347 |  12249 |  29 | 1058.2 |
       Dungeon |  15814 |  14102 |   1712 |   2301 |   7119 |  15 | 1054.3 |
          Lair |   7738 |   7235 |    503 |   1897 |   3285 |   5 | 1547.6 |
     Snake Pit |   4885 |   4706 |    179 |   1727 |   1214 |   3 | 1628.3 |
  Orcish Mines |   1438 |   1403 |     35 |    204 |    629 |   2 |  719.0 |
         Abyss |    660 |    660 |      0 |    143 |      0 |   3 |  220.0 |
         Sewer |    150 |    150 |      0 |     74 |      2 |   1 |  150.0 |
               +--------+--------+--------+--------+--------+-----+--------+

Top non-repeatable levels by time:
    D:12: 2914 daAuts
  Lair:3: 2199 daAuts
 Snake:2: 2122 daAuts
  Lair:5: 1936 daAuts
 Snake:1: 1870 daAuts
  Lair:2: 1436 daAuts
  Lair:1: 1213 daAuts
    D:14: 1211 daAuts
     D:9: 1186 daAuts
     D:4: 1172 daAuts
     D:7: 1161 daAuts
     D:3: 1142 daAuts
     D:5: 1110 daAuts
     D:1: 1088 daAuts
    D:13: 1004 daAuts
